 Dungeon Crawl Stone Soup version 0.18.1-48-g4cf74bf (webtiles) character file.

117 Jabber the Chopper (level 4, 0/36 HPs)
             Began as a Demonspawn Chaos Knight on Aug 26, 2016.
             Slain by a sky beast (1 damage)
             ... on level 2 of the Dungeon.
             The game lasted 00:11:03 (1786 turns).

Jabber the Chopper (Demonspawn Chaos Knight)        Turns: 1786, Time: 00:11:04

Health: 0/36       AC: 11    Str: 13    XL:     4   Next: 71%
Magic:  4/4        EV:  6    Int: 13    God:    Xom [*.....]
Gold:   131        SH:  0    Dex: 13    Spells: 0 memorised, 3 levels left

rFire  . . .     SeeInvis .     a - +0 hand axe (chaos)
rCold  . . .     Gourm    .     s - +0 chain mail
rNeg   . . .     Faith    .     (no shield)
rPois  .         Spirit   .     t - +0 helmet
rElec  .         Dismiss  .     h - +0 cloak (curse)
rCorr  .         Reflect  .     (no gloves)
SustAt .         Harm     .     (no boots)
MR     .....                    (no amulet)
Stlth  ..........               (no ring)
                                (no ring)

@: not resistant to hostile enchantments, extremely unstealthy
A: rugged brown scales 1, rot immunity
a: Renounce Religion


You were on level 2 of the Dungeon.
You worshipped Xom.
You were a special plaything of Xom.
You were not hungry.

You visited 1 branch of the dungeon, and saw 3 of its levels.

You collected 131 gold pieces.

Inventory:

Hand Weapons
 a - a +0 hand axe of chaos (weapon)
 e - a +0 mace
Missiles
 l - 15 poisoned needles
 n - 17 arrows
Armour
 b - a +2 leather armour
 h - a cursed +0 cloak (worn)
 s - a +0 chain mail (worn)
 t - a +0 helmet (worn)
Scrolls
 i - 2 scrolls of identify {unknown}
 j - 3 scrolls of enchant weapon {unknown}
 p - a scroll of fear {unknown}
 r - a scroll of teleportation {unknown}
Potions
 g - 3 potions of heal wounds {unknown}
 k - a potion of curing {unknown}
 o - a potion of invisibility {unknown}
 q - a potion of flight {unknown}
Books
 d - a book of Misfortune

   Spells                             Type                      Level
   a - Confusing Touch                Hexes                        2
   b - Confuse                        Hexes                        3
   c - Gell's Gravitas                Hexes/Translocation          3
   d - Petrify                        Transmutation/Earth          4
   e - Metabolic Englaciation         Hexes/Ice                    5
   f - Yara's Violent Unravelling     Hexes/Transmutation          5
 m - a book of Dreams

   Spells                             Type                      Level
   a - Ensorcelled Hibernation        Hexes/Ice                    2
   b - Silence                        Hexes/Air                    5
   c - Darkness                       Hexes                        6
   d - Shadow Creatures               Summoning                    6
Comestibles
 c - 2 bread rations
 f - 4 fruits


   Skills:
 + Level 3.4 Fighting
 * Level 4.1(4.2) Axes
 * Level 1.0(2.8) Maces & Flails
 + Level 2.0 Armour
 + Level 1.5 Dodging
 + Level 0.2 Stealth


You had 3 spell levels left.
You didn't know any spells.

Dungeon Overview and Level Annotations

Branches:
Dungeon (3/15)

Altars:
Kikubaaqudgha


Innate Abilities, Weirdness & Mutations

You are partially covered in rugged brown scales (AC +1, +3% HP).
You are immune to rotting.


Message History

The sky beast hits you but does no damage.
You climb downwards.
There is a stone staircase leading up here.
The sky beast flickers out of sight!
Deactivating autopickup; reactivate with Ctrl-A.
There is a stone staircase leading up, spattered with blood here.
Something hits you.
* * * LOW HITPOINT WARNING * * *
Something shocks you.
* * * LOW HITPOINT WARNING * * *
You climb upwards.
A dart slug comes into view.
The dart slug launches a dart at you. The slug dart hits you!
There is a stone staircase leading down here.
You miss something. Something hits you but does no damage.
You hit something but do no damage. Something hits you but does no damage.
You hit something. Something hits you.
You die... "I guess I need a new plaything now."

##########.#### ##....#####......
# ###......# #..#### #....##.# #
#...###### ##.#######.##.##.#
###.### ##..# #.....##.##.# #...#
##..####.######.##.# ..###
#..........# #.##.# .##
#..........# #.##.# .#
###........# #.##.. .####
#@.......####.##.. ....###
#.)........##.###.
###...##########........#......<.
###.......#...........####.#...
######....##....w...# #...##
#....#...........)# #.###
#.#######.###...### #.# #####.#
#.###...######## ## ###.....#
#..............###.


You could see a dart slug.

Vanquished Creatures
  The ghost of Tagedieb the Sneak, a weakling OpAs (D:3)
  3 adders
  3 oozes
  3 giant cockroaches
  7 goblins
  5 hobgoblins
  3 jackals (D:3)
  A jackal (shapeshifter) (D:3)
  6 bats (D:1)
  A giant newt (D:1)
  3 kobolds
  3 rats
39 creatures vanquished.

Notes
Turn   | Place    | Note
--------------------------------------------------------------
     0 | D:1      | Jabber the Demonspawn Chaos Knight began the quest for the Orb.
     0 | D:1      | Reached XP level 1. HP: 18/18 MP: 1/1
    27 | D:1      | XOM: divination: magic mapping
    83 | D:1      | Found an ancient bone altar of Kikubaaqudgha.
   265 | D:1      | XOM: divination: magic mapping
   329 | D:1      | Reached skill level 3 in Axes
   400 | D:1      | XOM: divination: magic mapping
   441 | D:1      | Gained mutation: You are partially covered in rugged brown scales (AC +1, +3% HP). [demonic ancestry]
   441 | D:1      | Reached XP level 2. HP: 18/24 MP: 2/2
   666 | D:2      | Gained mutation: You are immune to rotting. [demonic ancestry]
   666 | D:2      | Reached XP level 3. HP: 27/29 MP: 3/3
   699 | D:2      | Reached skill level 1 in Dodging
   784 | D:2      | XOM: divination: detect items
   972 | D:2      | XOM: harmless Erth miscast
  1062 | D:2      | XOM: mild Conj miscast
  1118 | D:2      | XOM: silly message
  1291 | D:3      | Reached XP level 4. HP: 36/36 MP: 4/4
  1409 | D:3      | XOM: polymorph kobold -> giant gecko
  1460 | D:3      | Noticed a sky beast
  1460 | D:3      | Noticed Tagedieb's ghost (weakling OpAs)
  1461 | D:3      | XOM: enchant monster (good)
  1462 | D:3      | XOM: enchant monster (good)
  1473 | D:3      | Killed Tagedieb's ghost
  1473 | D:3      | Reached skill level 4 in Axes
  1473 | D:3      | Reached skill level 1 in Maces & Flails
  1754 | D:2      | XOM: summons 2 hostile shadow creatures
  1782 | D:3      | HP: 1/36 [something (6)]
  1786 | D:2      | Slain by a sky beast

Skill      XL: |  1  2  3  4 |
---------------+-------------+-----
Axes           | 3 4 |  4.1
Armour         | 2 |  2.0
Dodging        | 1 |  1.5
Maces & Flails | 1 |  1.0
Fighting       | |  3.4
Stealth        | |  0.2

Action                   |  1- 3 |  4- 6 || total
-------------------------+-------+-------++-------
Melee: Hand axe          |    98 |    52 ||   150
  Eat: Chunk             |     1 |     1 ||     2
       Fruit             |       |     1 ||     1
Armor: Leather armour    |    38 |       ||    38
       Chain mail        |     6 |    39 ||    45
Dodge: Dodged            |    55 |    14 ||    69
